WCHLSIM.com - West Coast Hockey League
html PUBLIC "-//W3C//DTD XHTML 1.0 Transitional//EN" "http://www.w3.org/TR/xhtml1/DTD/xhtml1-transitional.dtd"> WCHL - Game 139 - SAN DIEGO THUNDER vs WINNIPEG BEAVERS

SAN DIEGO THUNDER vs WINNIPEG BEAVERS

Created - 2 novembre 2021 at 21:50

Goals
1 2 3 T
SAN DIEGO THUNDER 0 1 0 1
WINNIPEG BEAVERS 0 2 0 2
Shots
1 2 3 T
SAN DIEGO THUNDER 6 11 6 23
WINNIPEG BEAVERS 11 7 6 24

1st period

No Goal

Penalties :
Erik Cernak (SDG) for Delaying the game (Minor) at 0:47, Brad Marchand (WIN) for High sticking (Minor) at 7:10

2nd period

1. WINNIPEG BEAVERS , Brad Marchand 2 (Joe Pavelski 3, Travis Zajac 2) at 0:40
2. SAN DIEGO THUNDER , Logan Couture 2 (Marcus Foligno 2) at 3:17 (SH)
3. WINNIPEG BEAVERS , David Krejci 3 (Ondrej Palat 6) at 9:33

Penalties :
Erik Cernak (SDG) for Hooking (Minor) at 1:21, Carson Soucy (WIN) for Tripping (Minor) at 11:05, Justin Braun (WIN) for Delaying the game (Minor) at 17:27

3rd period

No Goal

Penalties :
Erik Cernak (SDG) for Boarding (Minor) at 0:07, Charles McAvoy (SDG) for Tripping (Minor) at 3:26, Derek Forbort (SDG) for Hooking (Minor) at 11:29, Ondrej Palat (WIN) for Roughing (Minor) at 16:16

Goalie Stats

Connor Hellebuyck (SDG), 22 saves from 24 shots - (0,917), L, 5-2-2, 58:00 minutes
Linus Ullmark (WIN), 22 saves from 23 shots - (0,957), W, 4-3-0, 60:00 minutes

Players Stats for SAN DIEGO THUNDER

Player Name              G  A  P  +/- PIM S  H  SB GA TA FO     MP     PP MP  PK MP  
------------------------------------------------------------------------------------
Alexandre Carrier        0  0  0   0  0   1  3  1  0  0  0/0    14:41   0:10   4:17 
Andrew Cogliano          0  0  0   0  0   0  0  1  0  0  0/0    11:10   0:00   0:00 
Brandon Montour          0  0  0   0  0   0  0  0  0  0  0/0    14:59   4:03   0:43 
Brandon Saad             0  0  0  -1  0   2  0  0  0  0  1/1    14:50   3:39   0:00 
Charles McAvoy           0  0  0   0  2   2  1  0  0  0  0/0    24:42   3:53   4:54 
Connor Murphy            0  0  0  -1  0   1  2  1  0  0  0/0    22:59   0:00   6:18 
David Perron             0  0  0  -1  0   3  0  0  0  0  1/2    17:38   3:39   0:00 
Derek Forbort            0  0  0   0  2   1  1  2  0  0  0/0    22:04   3:53   2:35 
Drake Batherson          0  0  0   0  0   1  1  0  0  0  0/1    10:06   4:17   0:00 
Erik Cernak              0  0  0  -1  6   0  3  3  0  0  0/0    20:30   3:53   1:03 
Evander Kane             0  0  0  -1  0   0  2  1  0  0  0/1    15:28   4:17   0:00 
Jay Beagle               0  0  0   0  0   1  1  0  0  0  5/7     5:49   0:00   0:00 
Jean-Gabriel Pageau      0  0  0   0  0   1  2  0  0  0  10/19  17:39   0:00   6:29 
Logan Couture            1  0  1   0  0   7  0  0  0  0  11/22  18:54   4:17   3:26 
Marcus Foligno           0  1  1   0  0   1  4  0  0  0  0/0    17:25   0:00   3:26 
Mark Scheifele           0  0  0  -1  0   2  0  0  0  0  14/23  17:38   3:39   0:00 
Ryan Hartman             0  0  0   0  0   0  0  0  0  0  0/1    17:39   0:00   6:29 
Steven Fogarty           0  0  0   0  0   0  0  0  0  0  0/1     5:49   0:00   0:00 

Players Stats for WINNIPEG BEAVERS

Player Name              G  A  P  +/- PIM S  H  SB GA TA FO     MP     PP MP  PK MP  
------------------------------------------------------------------------------------
Alexander Radulov        0  0  0   1  0   0  0  0  0  0  0/1    19:37   5:36   0:00 
Brad Marchand            1  0  1   1  2   4  2  0  0  0  0/2    20:36   5:55   0:00 
Brandon Tanev            0  0  0  -1  0   0  1  0  0  0  0/2    14:54   4:00   0:20 
Carson Soucy             0  0  0   0  2   0  0  1  0  0  0/0    18:39   4:53   0:23 
David Krejci             1  0  1   0  0   5  0  1  0  0  9/18   18:44   4:43   0:00 
Dylan DeMelo             0  0  0   0  0   1  1  0  0  0  0/0    19:59   4:53   2:40 
Ian Cole                 0  0  0   1  0   0  0  0  0  0  0/0    15:46   0:00   1:12 
Janne Kuokkanen          0  0  0  -1  0   0  0  0  0  0  1/3     6:52   4:00   0:00 
Jason Dickinson          0  0  0   0  0   3  0  0  0  0  5/15   13:41   0:00   3:07 
Joe Pavelski             0  1  1   1  0   4  0  1  0  0  4/8    20:37   5:55   0:00 
Joel Armia               0  0  0   0  0   1  0  0  0  0  0/0    15:42   0:19   4:49 
Justin Braun             0  0  0   2  2   2  1  2  0  0  0/0    17:02   0:00   2:37 
Kris Russell             0  0  0   0  0   1  0  1  0  0  0/0    19:14   0:25   4:30 
Michael Raffl            0  0  0   0  0   0  0  0  0  0  0/0     2:52   0:00   0:00 
Ondrej Palat             0  1  1   0  2   2  2  0  0  0  0/0    18:00   4:00   0:00 
Rasmus Ristolainen       0  0  0   0  0   1  2  0  0  0  0/0    24:35   4:56   4:30 
Sean Kuraly              0  0  0   0  0   0  0  0  0  0  5/8     7:41   0:00   4:49 
Travis Zajac             0  1  1   1  0   0  0  1  0  0  12/21  17:29   0:00   2:47 

3 Stars

1 - Linus Ullmark (WIN)
2 - Brad Marchand (WIN)
3 - David Krejci (WIN)

Power Play

SAN DIEGO THUNDER - 0 on 4 Attempt(s) - 0,00%
WINNIPEG BEAVERS - 0 on 5 Attempt(s) - 0,00%

Penalty Kill

SAN DIEGO THUNDER - 5 on 5 Attempt(s) - 100,00% - Score 1 goal in Penalty Kill
WINNIPEG BEAVERS - 4 on 4 Attempt(s) - 100,00% - Score 0 goal in Penalty Kill

Team Stat

SAN DIEGO THUNDER - Hits : 20 - Faceoff Wins : 42 - Blocked Shots : 9 - Penalty Minutes : 10
WINNIPEG BEAVERS - Hits : 9 - Faceoff Wins : 36 - Blocked Shots : 7 - Penalty Minutes : 8

Official

Referees : Andrew Howard and Robert Hennessey
Linesman : Derek Nansen and Pierre Racicot

Game Notes

No Game Note

Finance

Level 1 -- Attendance: 6000 (100,00%) -- Ticket Income 936 000 $
Level 2 -- Attendance: 4117 (82,34%) -- Ticket Income 489 923 $
Level 3 -- Attendance: 2000 (100,00%) -- Ticket Income 190 000 $
Level 4 -- Attendance: 3782 (94,55%) -- Ticket Income 276 086 $
Luxury Box -- Attendance: 803 (80,30%) -- Ticket Income 269 005 $
Total Attendance: 16702 (92,79%)
Total Ticket Income: 2 161 014 $
Other Expense: 21 610 $
Total Income: 2 139 404 $

SAN DIEGO THUNDER

5 vs 5 Forward 
   Center                   Left Wing                Right Wing               Time % Phy DF OF 
 1 Mark Scheifele           David Perron             Marcus Foligno           34     0   2  3  
 2 Logan Couture            Evander Kane             Brandon Saad             29     0   2  3  
 3 Jean-Gabriel Pageau      Andrew Cogliano          Ryan Hartman             26     1   3  1  
 4 Jay Beagle               Steven Fogarty           Drake Batherson          11     0   4  1  

5 vs 5 Defense 
   Defense                  Defense                                           Time % Phy DF OF 
 1 Charles McAvoy           Connor Murphy                                     37     0   3  2  
 2 Derek Forbort            Erik Cernak                                       36     0   3  2  
 3 Brandon Montour          Alexandre Carrier                                 21     0   3  2  
 4 Connor Murphy            Brandon Montour                                   6      0   3  2  

PowerPlay Forward 
   Center                   Left Wing                Right Wing               Time % Phy DF OF 
 1 Mark Scheifele           David Perron             Brandon Saad             55     0   0  5  
 2 Logan Couture            Evander Kane             Drake Batherson          45     0   0  5  

PowerPlay Defense
   Defense                  Defense                                           Time % Phy DF OF 
 1 Brandon Montour          Charles McAvoy                                    55     0   0  5  
 2 Erik Cernak              Derek Forbort                                     45     0   0  5  

Penalty Kill 4 Players Forward 
   Center                   Wing                     Time % Phy DF OF 
 1 Jean-Gabriel Pageau      Ryan Hartman             55     0   4  1  
 2 Logan Couture            Marcus Foligno           45     0   4  1  

Penalty Kill 4 Players Defense
   Defense                  Defense                  Time % Phy DF OF 
 1 Erik Cernak              Connor Murphy            55     0   5  0  
 2 Derek Forbort            Charles McAvoy           45     0   5  0  

Penalty Kill - 3 Players Forward 
   Forward                                           Time % Phy DF OF 
 1 Jean-Gabriel Pageau                               55     0   4  1  
 2 Ryan Hartman                                      45     0   4  1  

Penalty Kill - 3 Players Defense
   Defense                  Defense                  Time % Phy DF OF 
 1 Derek Forbort            Connor Murphy            55     0   4  1  
 2 Charles McAvoy           Brandon Montour          45     0   4  1  

4 vs 4 Forward 
   Center                   Wing                     Time % Phy DF OF 
 1 Logan Couture            David Perron             55     0   2  3  
 2 Logan Couture            Brandon Saad             45     0   2  3  

4 vs 4 Defense
   Defense                  Defense                  Time % Phy DF OF 
 1 Charles McAvoy           Connor Murphy            55     1   2  2  
 2 Alexandre Carrier        Brandon Montour          45     1   2  2  

Last Minutes Offensive
   Center                   Left Wing                Right Wing               Defense                  Defense                  
   Mark Scheifele           Evander Kane             David Perron             Charles McAvoy           Erik Cernak              

Last Minutes Defensive
   Center                   Left Wing                Right Wing               Defense                  Defense                  
   Mark Scheifele           Evander Kane             Brandon Saad             Charles McAvoy           Connor Murphy            

Goaltenders
Starting : Connor Hellebuyck        
Backup : Ville Husso              

Extra Forwards
Normal : Mark Scheifele, David Perron, Evander Kane - PP : Mark Scheifele, Marcus Foligno - PK : Ryan Hartman
Extra Defensemen
Normal : Connor Murphy, Charles McAvoy, Derek Forbort - PP : Charles McAvoy - PK : Connor Murphy, Charles McAvoy
Penalty Shots
Mark Scheifele, David Perron, Evander Kane, Jean-Gabriel Pageau, Brandon Saad
Custom OT Lines Forwards
Mark Scheifele, David Perron, Evander Kane, Logan Couture, Brandon Saad, Marcus Foligno, Jean-Gabriel Pageau, Ryan Hartman, Drake Batherson, Jay Beagle
Custom OT Lines Defensemen
Charles McAvoy, Connor Murphy, Derek Forbort, Brandon Montour, Erik Cernak

Scratches
None

WINNIPEG BEAVERS

5 vs 5 Forward 
   Center                   Left Wing                Right Wing               Time % Phy DF OF 
 1 Travis Zajac             Brad Marchand            Joe Pavelski             33     0   2  3  
 2 David Krejci             Ondrej Palat             Alexander Radulov        32     0   2  3  
 3 Jason Dickinson          Brandon Tanev            Joel Armia               27     1   3  1  
 4 Sean Kuraly              Janne Kuokkanen          Michael Raffl            8      1   3  1  

5 vs 5 Defense 
   Defense                  Defense                                           Time % Phy DF OF 
 1 Kris Russell             Rasmus Ristolainen                                32     0   3  2  
 2 Justin Braun             Ian Cole                                          31     1   3  1  
 3 Dylan DeMelo             Carson Soucy                                      31     1   3  1  
 4 Justin Braun             Rasmus Ristolainen                                6      1   3  1  

PowerPlay Forward 
   Center                   Left Wing                Right Wing               Time % Phy DF OF 
 1 Joe Pavelski             Brad Marchand            Alexander Radulov        51     0   0  5  
 2 Janne Kuokkanen          Ondrej Palat             Brandon Tanev            49     1   0  4  

PowerPlay Defense
   Defense                  Defense                                           Time % Phy DF OF 
 1 David Krejci             Rasmus Ristolainen                                52     0   1  4  
 2 Dylan DeMelo             Carson Soucy                                      48     0   1  4  

Penalty Kill 4 Players Forward 
   Center                   Wing                     Time % Phy DF OF 
 1 Travis Zajac             Jason Dickinson          50     0   4  1  
 2 Sean Kuraly              Joel Armia               50     0   4  1  

Penalty Kill 4 Players Defense
   Defense                  Defense                  Time % Phy DF OF 
 1 Rasmus Ristolainen       Kris Russell             53     1   4  0  
 2 Justin Braun             Dylan DeMelo             47     1   4  0  

Penalty Kill - 3 Players Forward 
   Forward                                           Time % Phy DF OF 
 1 David Krejci                                      50     1   4  0  
 2 Joe Pavelski                                      50     1   4  0  

Penalty Kill - 3 Players Defense
   Defense                  Defense                  Time % Phy DF OF 
 1 Rasmus Ristolainen       Kris Russell             50     1   4  0  
 2 Dylan DeMelo             Ian Cole                 50     1   4  0  

4 vs 4 Forward 
   Center                   Wing                     Time % Phy DF OF 
 1 David Krejci             Brad Marchand            50     1   2  2  
 2 Joe Pavelski             Alexander Radulov        50     1   2  2  

4 vs 4 Defense
   Defense                  Defense                  Time % Phy DF OF 
 1 Rasmus Ristolainen       Dylan DeMelo             50     1   2  2  
 2 Kris Russell             Carson Soucy             50     1   2  2  

Last Minutes Offensive
   Center                   Left Wing                Right Wing               Defense                  Defense                  
   Travis Zajac             Brad Marchand            Joe Pavelski             Ian Cole                 Rasmus Ristolainen       

Last Minutes Defensive
   Center                   Left Wing                Right Wing               Defense                  Defense                  
   Travis Zajac             Brad Marchand            Joe Pavelski             Ian Cole                 Rasmus Ristolainen       

Goaltenders
Starting : Linus Ullmark            
Backup : Logan Thompson           

Extra Forwards
Normal : Ondrej Palat, Brad Marchand, Joe Pavelski - PP : David Krejci, Brad Marchand - PK : Brandon Tanev
Extra Defensemen
Normal : Kris Russell, Ian Cole, Dylan DeMelo - PP : Dylan DeMelo - PK : Dylan DeMelo, Ian Cole
Penalty Shots
Brad Marchand, David Krejci, Joe Pavelski, Ondrej Palat, Alexander Radulov
Custom OT Lines Forwards
Brad Marchand, Travis Zajac, Joe Pavelski, Ondrej Palat, David Krejci, Alexander Radulov, Joel Armia, Jason Dickinson, Brandon Tanev, Sean Kuraly
Custom OT Lines Defensemen
Justin Braun, Ian Cole, Kris Russell, Rasmus Ristolainen, Dylan DeMelo

Scratches
None


% Time on Ice - SAN DIEGO THUNDER

Lines # - Real PCT - Wanted PCT - Time Play
Normal Forward
1 - 33% - 34% - 13:59
2 - 27% - 29% - 11:11
3 - 26% - 26% - 11:10
4 - 14% - 11% - 5:49
Normal Defense
1 - 39% - 37% - 16:19
2 - 37% - 36% - 15:37
3 - 23% - 21% - 9:51
4 - 1% - 6% - 0:22
PP Forward
1 - 46% - 55% - 3:39
2 - 54% - 45% - 4:17
PP Defense
1 - 51% - 55% - 4:03
2 - 49% - 45% - 3:53
PK Forward
1 - 65% - 55% - 6:29
2 - 35% - 45% - 3:26
PK Defense
1 - 56% - 55% - 5:35
2 - 44% - 45% - 4:20
PK3 Forward
1 - 0% - 55%
2 - 0% - 45%
PK3 Defense
1 - 0% - 55%
2 - 0% - 45%
44 Forward
1 - 0% - 55%
2 - 0% - 45%
44 Defense
1 - 0% - 55%
2 - 0% - 45%
Last Minute Offensive  - 0:00
Last Minute Defensive  - 0:00
Total
Forward - 60:00
Defense - 60:00

% Time on Ice - WINNIPEG BEAVERS

Lines # - Real PCT - Wanted PCT - Time Play
Normal Forward
1 - 33% - 33% - 13:44
2 - 34% - 32% - 14:01
3 - 26% - 27% - 10:34
4 - 7% - 8% - 2:52
Normal Defense
1 - 35% - 32% - 14:19
2 - 33% - 31% - 13:36
3 - 30% - 31% - 12:26
4 - 2% - 6% - 0:50
PP Forward
1 - 60% - 51% - 5:55
2 - 40% - 49% - 4:00
PP Defense
1 - 51% - 52% - 5:02
2 - 49% - 48% - 4:53
PK Forward
1 - 39% - 50% - 3:07
2 - 61% - 50% - 4:49
PK Defense
1 - 57% - 53% - 4:30
2 - 43% - 47% - 3:26
PK3 Forward
1 - 0% - 50%
2 - 0% - 50%
PK3 Defense
1 - 0% - 50%
2 - 0% - 50%
44 Forward
1 - 0% - 50%
2 - 0% - 50%
44 Defense
1 - 0% - 50%
2 - 0% - 50%
Last Minute Offensive  - 0:00
Last Minute Defensive  - 0:58
Total
Forward - 60:00
Defense - 60:00

Play-by-Play

1st period


0:01 of 1st period - Travis Zajac wins face-off versus Mark Scheifele in neutral zone.
0:24 of 1st period - Shot by Joe Pavelski.
0:24 of 1st period - Shot Misses the Net.
0:26 of 1st period - Shot by Rasmus Ristolainen.
0:26 of 1st period - Stopped by Connor Hellebuyck with a rebound.
0:28 of 1st period - Shot by Kris Russell.
0:28 of 1st period - Stopped by Connor Hellebuyck without a rebound.
0:29 of 1st period - David Krejci wins face-off versus Logan Couture in SAN DIEGO THUNDER zone.
0:36 of 1st period - Shot by David Krejci.
0:36 of 1st period - Shot Blocked by Derek Forbort.
0:47 of 1st period - Minor Penalty to Erik Cernak for Delaying the game.
0:48 of 1st period - Jean-Gabriel Pageau wins face-off versus Joe Pavelski in SAN DIEGO THUNDER zone.
1:22 of 1st period - Shot by Brad Marchand.
1:22 of 1st period - Stopped by Connor Hellebuyck without a rebound.
1:23 of 1st period - Jean-Gabriel Pageau wins face-off versus Janne Kuokkanen in SAN DIEGO THUNDER zone.
1:40 of 1st period - Shot by Ondrej Palat.
1:40 of 1st period - Stopped by Connor Hellebuyck with a rebound.
1:58 of 1st period - Off-side.
1:59 of 1st period - Joe Pavelski wins face-off versus Logan Couture in neutral zone.
2:55 of 1st period - Off-side.
2:56 of 1st period - Logan Couture wins face-off versus Sean Kuraly in neutral zone.
2:59 of 1st period - Michael Raffl is hit by Evander Kane and loses puck.
3:14 of 1st period - Shot by Logan Couture.
3:14 of 1st period - Stopped by Linus Ullmark with a rebound.
3:16 of 1st period - Shot by Brandon Saad.
3:16 of 1st period - Shot Blocked by Kris Russell.
3:18 of 1st period - Shot by Evander Kane.
3:18 of 1st period - Deflect By Logan Couture.
3:18 of 1st period - Stopped by Linus Ullmark without a rebound.
3:19 of 1st period - Mark Scheifele wins face-off versus Jason Dickinson in WINNIPEG BEAVERS zone.
3:20 of 1st period - Shot by David Perron.
3:20 of 1st period - Shot Misses the Net.
3:47 of 1st period - Brandon Tanev is hit by Alexandre Carrier and loses puck.
3:50 of 1st period - Shot by Justin Braun.
3:50 of 1st period - Stopped by Connor Hellebuyck without a rebound.
3:51 of 1st period - Jean-Gabriel Pageau wins face-off versus David Krejci in SAN DIEGO THUNDER zone.
4:44 of 1st period - Joe Pavelski is hit by Jean-Gabriel Pageau.
5:26 of 1st period - Shot by Brandon Saad.
5:26 of 1st period - Shot Misses the Net.
5:28 of 1st period - Shot by Logan Couture.
5:28 of 1st period - Shot Misses the Net.
5:30 of 1st period - Shot by Derek Forbort.
5:30 of 1st period - Stopped by Linus Ullmark with a rebound.
5:32 of 1st period - Shot by Brandon Saad.
5:32 of 1st period - Stopped by Linus Ullmark without a rebound.
5:33 of 1st period - Mark Scheifele wins face-off versus Jason Dickinson in WINNIPEG BEAVERS zone.
5:46 of 1st period - Shot by Marcus Foligno.
5:46 of 1st period - Stopped by Linus Ullmark without a rebound.
5:47 of 1st period - Jay Beagle wins face-off versus David Krejci in WINNIPEG BEAVERS zone.
6:09 of 1st period - Shot by Ondrej Palat.
6:09 of 1st period - Shot Misses the Net.
6:11 of 1st period - Shot by David Krejci.
6:11 of 1st period - Deflect By Ondrej Palat.
6:11 of 1st period - Shot Misses the Net.
6:23 of 1st period - Icing by Jay Beagle.
6:24 of 1st period - Jay Beagle wins face-off versus Jason Dickinson in SAN DIEGO THUNDER zone.
6:31 of 1st period - Shot by Drake Batherson.
6:31 of 1st period - Shot Blocked by Justin Braun.
6:36 of 1st period - Off-side.
6:37 of 1st period - Mark Scheifele wins face-off versus Travis Zajac in neutral zone.
6:43 of 1st period - Shot by Brad Marchand.
6:43 of 1st period - Stopped by Connor Hellebuyck without a rebound.
6:44 of 1st period - Travis Zajac wins face-off versus Mark Scheifele in SAN DIEGO THUNDER zone.
7:10 of 1st period - Minor Penalty to Brad Marchand for High sticking.
7:11 of 1st period - Sean Kuraly wins face-off versus Drake Batherson in WINNIPEG BEAVERS zone.
9:32 of 1st period - Shot by Ondrej Palat.
9:32 of 1st period - Stopped by Connor Hellebuyck without a rebound.
9:33 of 1st period - Travis Zajac wins face-off versus Mark Scheifele in SAN DIEGO THUNDER zone.
10:05 of 1st period - Shot by Mark Scheifele.
10:05 of 1st period - Shot Misses the Net.
10:12 of 1st period - Icing by Brad Marchand.
10:13 of 1st period - Jean-Gabriel Pageau wins face-off versus Travis Zajac in WINNIPEG BEAVERS zone.
10:16 of 1st period - Shot by Jean-Gabriel Pageau.
10:16 of 1st period - Shot Misses the Net.
10:43 of 1st period - Alexander Radulov is hit by Connor Murphy and loses puck.
10:48 of 1st period - Shot by David Krejci.
10:48 of 1st period - Stopped by Connor Hellebuyck without a rebound.
10:49 of 1st period - Logan Couture wins face-off versus Jason Dickinson in SAN DIEGO THUNDER zone.
11:58 of 1st period - David Perron is hit by Ondrej Palat and loses puck.
12:35 of 1st period - Shot by Ondrej Palat.
12:35 of 1st period - Shot Blocked by Erik Cernak.
12:37 of 1st period - Shot by Ondrej Palat.
12:37 of 1st period - Shot Blocked by Erik Cernak.
12:46 of 1st period - Off-side.
12:47 of 1st period - Travis Zajac wins face-off versus Jean-Gabriel Pageau in neutral zone.
12:54 of 1st period - Jean-Gabriel Pageau is hit by Brad Marchand.
13:12 of 1st period - Shot by Brad Marchand.
13:12 of 1st period - Shot Misses the Net.
13:14 of 1st period - Shot by Brad Marchand.
13:14 of 1st period - Stopped by Connor Hellebuyck without a rebound.
13:15 of 1st period - Sean Kuraly wins face-off versus Logan Couture in SAN DIEGO THUNDER zone.
13:45 of 1st period - Shot by Michael Raffl.
13:45 of 1st period - Shot Misses the Net.
13:57 of 1st period - Sean Kuraly is hit by Evander Kane and loses puck.
14:24 of 1st period - Shot by Jean-Gabriel Pageau.
14:24 of 1st period - Shot Misses the Net.
14:26 of 1st period - Shot by Charles McAvoy.
14:26 of 1st period - Deflect By Jean-Gabriel Pageau.
14:26 of 1st period - Stopped by Linus Ullmark without a rebound.
14:27 of 1st period - David Krejci wins face-off versus Mark Scheifele in WINNIPEG BEAVERS zone.
14:27 of 1st period - David Krejci is hit by Marcus Foligno.
14:37 of 1st period - Shot by David Krejci.
14:37 of 1st period - Stopped by Connor Hellebuyck without a rebound.
14:38 of 1st period - Jay Beagle wins face-off versus Brandon Tanev in SAN DIEGO THUNDER zone.
14:38 of 1st period - Jay Beagle is hit by Brandon Tanev.
15:31 of 1st period - Icing by Carson Soucy.
15:32 of 1st period - Mark Scheifele wins face-off versus Jason Dickinson in WINNIPEG BEAVERS zone.
15:37 of 1st period - Shot by David Perron.
15:37 of 1st period - Shot Misses the Net.
16:16 of 1st period - Joe Pavelski is hit by Erik Cernak and loses puck.
16:19 of 1st period - Shot by Joe Pavelski.
16:19 of 1st period - Shot Misses the Net.
16:21 of 1st period - Shot by Justin Braun.
16:21 of 1st period - Stopped by Connor Hellebuyck without a rebound.
16:22 of 1st period - Brandon Saad wins face-off versus David Krejci in SAN DIEGO THUNDER zone.
16:45 of 1st period - Shot by David Krejci.
16:45 of 1st period - Shot Misses the Net.
16:47 of 1st period - Shot by David Krejci.
16:47 of 1st period - Shot Blocked by Connor Murphy.
17:00 of 1st period - Icing by Ondrej Palat.
17:01 of 1st period - David Krejci wins face-off versus Jean-Gabriel Pageau in WINNIPEG BEAVERS zone.
17:13 of 1st period - Off-side.
17:14 of 1st period - Mark Scheifele wins face-off versus Brad Marchand in neutral zone.
17:25 of 1st period - David Perron is hit by Brad Marchand and loses puck.
18:22 of 1st period - Icing by Carson Soucy.
18:23 of 1st period - Jason Dickinson wins face-off versus Jean-Gabriel Pageau in WINNIPEG BEAVERS zone.
Goals for this period are 0 for SAN DIEGO THUNDER vs 0 for WINNIPEG BEAVERS.
Shots for this period are 6 for SAN DIEGO THUNDER vs 11 for WINNIPEG BEAVERS.

2nd period


0:01 of 2nd period - Logan Couture wins face-off versus Travis Zajac in neutral zone.
0:16 of 2nd period - Shot by Joe Pavelski.
0:16 of 2nd period - Stopped by Connor Hellebuyck with a rebound.
0:30 of 2nd period - Shot by Joe Pavelski.
0:30 of 2nd period - Shot Misses the Net.
0:32 of 2nd period - Shot by Joe Pavelski.
0:32 of 2nd period - Shot Blocked by Evander Kane.
0:36 of 2nd period - Shot by Joe Pavelski.
0:36 of 2nd period - Shot Misses the Net.
0:38 of 2nd period - Shot by Joe Pavelski.
0:38 of 2nd period - Shot Blocked by Erik Cernak.
0:40 of 2nd period - Shot by Brad Marchand.
0:40 of 2nd period - Goal by Brad Marchand - SAN DIEGO THUNDER : 0 - WINNIPEG BEAVERS : 1.
0:41 of 2nd period - David Krejci wins face-off versus Mark Scheifele in neutral zone.
0:41 of 2nd period - Ondrej Palat is hit by Marcus Foligno and loses puck.
0:54 of 2nd period - Shot by Marcus Foligno.
0:54 of 2nd period - Deflect By David Perron.
0:54 of 2nd period - Stopped by Linus Ullmark without a rebound.
0:55 of 2nd period - Jay Beagle wins face-off versus Jason Dickinson in WINNIPEG BEAVERS zone.
1:16 of 2nd period - Shot by Jason Dickinson.
1:16 of 2nd period - Stopped by Connor Hellebuyck without a rebound.
1:17 of 2nd period - David Krejci wins face-off versus Logan Couture in SAN DIEGO THUNDER zone.
1:17 of 2nd period - Alexander Radulov is hit by Erik Cernak and loses puck.
1:21 of 2nd period - Minor Penalty to Erik Cernak for Hooking.
1:22 of 2nd period - Joe Pavelski wins face-off versus Ryan Hartman in SAN DIEGO THUNDER zone.
1:33 of 2nd period - Shot by Joe Pavelski.
1:33 of 2nd period - Shot Misses the Net.
2:21 of 2nd period - Ondrej Palat is hit by Marcus Foligno and loses puck.
2:25 of 2nd period - David Krejci is hit by Alexandre Carrier and loses puck.
2:41 of 2nd period - Icing by David Krejci.
2:42 of 2nd period - Jean-Gabriel Pageau wins face-off versus Janne Kuokkanen in WINNIPEG BEAVERS zone.
3:17 of 2nd period - Shot by Logan Couture.
3:17 of 2nd period - Goal by Logan Couture - SAN DIEGO THUNDER : 1 - WINNIPEG BEAVERS : 1.
3:18 of 2nd period - Joe Pavelski wins face-off versus Logan Couture in neutral zone.
4:06 of 2nd period - Jay Beagle is hit by Justin Braun and loses puck.
5:13 of 2nd period - Icing by Brandon Montour.
5:14 of 2nd period - Logan Couture wins face-off versus Brandon Tanev in SAN DIEGO THUNDER zone.
5:40 of 2nd period - Marcus Foligno is hit by Rasmus Ristolainen and loses puck.
6:24 of 2nd period - Shot by Janne Kuokkanen.
6:24 of 2nd period - Shot Misses the Net.
6:26 of 2nd period - Shot by Dylan DeMelo.
6:26 of 2nd period - Stopped by Connor Hellebuyck without a rebound.
6:27 of 2nd period - David Krejci wins face-off versus Jean-Gabriel Pageau in SAN DIEGO THUNDER zone.
6:41 of 2nd period - Icing by Ian Cole.
6:42 of 2nd period - Jay Beagle wins face-off versus David Krejci in WINNIPEG BEAVERS zone.
7:47 of 2nd period - Shot by Logan Couture.
7:47 of 2nd period - Stopped by Linus Ullmark with a rebound.
7:49 of 2nd period - Shot by Erik Cernak.
7:49 of 2nd period - Shot Blocked by Travis Zajac.
7:51 of 2nd period - Shot by Logan Couture.
7:51 of 2nd period - Shot Misses the Net.
7:56 of 2nd period - Icing by Carson Soucy.
7:57 of 2nd period - Travis Zajac wins face-off versus Mark Scheifele in WINNIPEG BEAVERS zone.
7:57 of 2nd period - Joe Pavelski is hit by Marcus Foligno and loses puck.
8:10 of 2nd period - Shot by David Perron.
8:10 of 2nd period - Shot Blocked by Joe Pavelski.
8:12 of 2nd period - Shot by Charles McAvoy.
8:12 of 2nd period - Stopped by Linus Ullmark without a rebound.
8:13 of 2nd period - Jason Dickinson wins face-off versus Jean-Gabriel Pageau in WINNIPEG BEAVERS zone.
9:29 of 2nd period - Shot by David Krejci.
9:29 of 2nd period - Deflect By Ondrej Palat.
9:29 of 2nd period - Shot Misses the Net.
9:33 of 2nd period - Shot by David Krejci.
9:33 of 2nd period - Goal by David Krejci - SAN DIEGO THUNDER : 1 - WINNIPEG BEAVERS : 2.
9:34 of 2nd period - Travis Zajac wins face-off versus Logan Couture in neutral zone.
10:29 of 2nd period - Shot by David Perron.
10:29 of 2nd period - Stopped by Linus Ullmark with a rebound.
10:31 of 2nd period - Shot by Marcus Foligno.
10:31 of 2nd period - Deflect By David Perron.
10:31 of 2nd period - Stopped by Linus Ullmark with a rebound.
10:36 of 2nd period - Mark Scheifele is hit by Dylan DeMelo and loses puck.
11:05 of 2nd period - Minor Penalty to Carson Soucy for Tripping.
11:06 of 2nd period - Logan Couture wins face-off versus Sean Kuraly in WINNIPEG BEAVERS zone.
11:28 of 2nd period - Off-side.
11:29 of 2nd period - Sean Kuraly wins face-off versus Mark Scheifele in neutral zone.
11:59 of 2nd period - Shot by Charles McAvoy.
11:59 of 2nd period - Shot Misses the Net.
12:44 of 2nd period - Shot by Drake Batherson.
12:44 of 2nd period - Stopped by Linus Ullmark without a rebound.
12:45 of 2nd period - Travis Zajac wins face-off versus Logan Couture in WINNIPEG BEAVERS zone.
13:04 of 2nd period - Shot by Evander Kane.
13:04 of 2nd period - Shot Misses the Net.
13:06 of 2nd period - Shot by Andrew Cogliano.
13:06 of 2nd period - Shot Blocked by Carson Soucy.
13:08 of 2nd period - Shot by Connor Murphy.
13:08 of 2nd period - Shot Misses the Net.
13:10 of 2nd period - Shot by Jean-Gabriel Pageau.
13:10 of 2nd period - Shot Misses the Net.
13:12 of 2nd period - Shot by Connor Murphy.
13:12 of 2nd period - Stopped by Linus Ullmark without a rebound.
13:13 of 2nd period - Jean-Gabriel Pageau wins face-off versus David Krejci in WINNIPEG BEAVERS zone.
13:21 of 2nd period - Icing by Charles McAvoy.
13:22 of 2nd period - David Krejci wins face-off versus Jean-Gabriel Pageau in SAN DIEGO THUNDER zone.
13:27 of 2nd period - Shot by Ondrej Palat.
13:27 of 2nd period - Shot Blocked by Andrew Cogliano.
13:38 of 2nd period - Icing by Alexander Radulov.
13:39 of 2nd period - David Krejci wins face-off versus Mark Scheifele in WINNIPEG BEAVERS zone.
14:31 of 2nd period - Shot by Joe Pavelski.
14:31 of 2nd period - Stopped by Connor Hellebuyck without a rebound.
14:32 of 2nd period - Logan Couture wins face-off versus Jason Dickinson in SAN DIEGO THUNDER zone.
15:14 of 2nd period - Icing by Connor Murphy.
15:15 of 2nd period - David Krejci wins face-off versus Logan Couture in SAN DIEGO THUNDER zone.
15:55 of 2nd period - Shot by Alexander Radulov.
15:55 of 2nd period - Shot Blocked by Alexandre Carrier.
16:14 of 2nd period - Joe Pavelski is hit by Alexandre Carrier and loses puck.
16:19 of 2nd period - Shot by Joe Pavelski.
16:19 of 2nd period - Stopped by Connor Hellebuyck without a rebound.
16:20 of 2nd period - Jason Dickinson wins face-off versus Mark Scheifele in SAN DIEGO THUNDER zone.
16:43 of 2nd period - Shot by Mark Scheifele.
16:43 of 2nd period - Stopped by Linus Ullmark without a rebound.
16:44 of 2nd period - Travis Zajac wins face-off versus Jay Beagle in WINNIPEG BEAVERS zone.
16:44 of 2nd period - Travis Zajac is hit by Jay Beagle.
17:05 of 2nd period - Icing by Ian Cole.
17:06 of 2nd period - Travis Zajac wins face-off versus Logan Couture in WINNIPEG BEAVERS zone.
17:14 of 2nd period - Joe Pavelski is hit by Derek Forbort and loses puck.
17:27 of 2nd period - Shot by Brandon Saad.
17:27 of 2nd period - Stopped by Linus Ullmark without a rebound.
17:27 of 2nd period - Minor Penalty to Justin Braun for Delaying the game.
17:28 of 2nd period - Mark Scheifele wins face-off versus Sean Kuraly in WINNIPEG BEAVERS zone.
17:34 of 2nd period - David Perron is hit by Rasmus Ristolainen and loses puck.
18:39 of 2nd period - Shot by Logan Couture.
18:39 of 2nd period - Stopped by Linus Ullmark without a rebound.
18:40 of 2nd period - Travis Zajac wins face-off versus Logan Couture in WINNIPEG BEAVERS zone.
19:27 of 2nd period - Jason Dickinson is hit by Jean-Gabriel Pageau and loses puck.
Goals for this period are 1 for SAN DIEGO THUNDER vs 2 for WINNIPEG BEAVERS.
Shots for this period are 11 for SAN DIEGO THUNDER vs 7 for WINNIPEG BEAVERS.

3rd period


0:01 of 3rd period - David Perron wins face-off versus Travis Zajac in neutral zone.
0:07 of 3rd period - Minor Penalty to Erik Cernak for Boarding.
0:08 of 3rd period - Jean-Gabriel Pageau wins face-off versus Joe Pavelski in SAN DIEGO THUNDER zone.
0:37 of 3rd period - Shot by David Krejci.
0:37 of 3rd period - Stopped by Connor Hellebuyck without a rebound.
0:38 of 3rd period - Janne Kuokkanen wins face-off versus Jean-Gabriel Pageau in SAN DIEGO THUNDER zone.
1:03 of 3rd period - Shot by Janne Kuokkanen.
1:03 of 3rd period - Deflect By Ondrej Palat.
1:03 of 3rd period - Shot Hit the Post.
1:38 of 3rd period - Off-side.
1:39 of 3rd period - Logan Couture wins face-off versus Joe Pavelski in neutral zone.
1:50 of 3rd period - Shot by Joe Pavelski.
1:50 of 3rd period - Shot Misses the Net.
2:16 of 3rd period - Shot by Jason Dickinson.
2:16 of 3rd period - Deflect By Joel Armia.
2:16 of 3rd period - Stopped by Connor Hellebuyck with a rebound.
2:22 of 3rd period - Shot by Jason Dickinson.
2:22 of 3rd period - Stopped by Connor Hellebuyck without a rebound.
2:23 of 3rd period - Sean Kuraly wins face-off versus Evander Kane in SAN DIEGO THUNDER zone.
3:26 of 3rd period - Minor Penalty to Charles McAvoy for Tripping.
3:27 of 3rd period - Joe Pavelski wins face-off versus Jean-Gabriel Pageau in SAN DIEGO THUNDER zone.
3:36 of 3rd period - Shot by Alexander Radulov.
3:36 of 3rd period - Shot Misses the Net.
4:13 of 3rd period - Shot by Ryan Hartman.
4:13 of 3rd period - Shot Hit the Post.
5:26 of 3rd period - Icing by David Krejci.
5:27 of 3rd period - Jason Dickinson wins face-off versus Jay Beagle in WINNIPEG BEAVERS zone.
5:29 of 3rd period - Icing by Brandon Tanev.
5:30 of 3rd period - Mark Scheifele wins face-off versus Jason Dickinson in WINNIPEG BEAVERS zone.
5:47 of 3rd period - Icing by Ian Cole.
5:48 of 3rd period - Logan Couture wins face-off versus Jason Dickinson in WINNIPEG BEAVERS zone.
5:55 of 3rd period - Shot by Logan Couture.
5:55 of 3rd period - Stopped by Linus Ullmark without a rebound.
5:56 of 3rd period - Mark Scheifele wins face-off versus Travis Zajac in WINNIPEG BEAVERS zone.
6:29 of 3rd period - Joe Pavelski is hit by Charles McAvoy.
6:37 of 3rd period - Shot by Joe Pavelski.
6:37 of 3rd period - Stopped by Connor Hellebuyck without a rebound.
6:38 of 3rd period - Jean-Gabriel Pageau wins face-off versus David Krejci in SAN DIEGO THUNDER zone.
6:48 of 3rd period - Icing by Carson Soucy.
6:49 of 3rd period - Logan Couture wins face-off versus David Krejci in WINNIPEG BEAVERS zone.
7:17 of 3rd period - Shot by Evander Kane.
7:17 of 3rd period - Deflect By Logan Couture.
7:17 of 3rd period - Shot Blocked by David Krejci.
7:28 of 3rd period - Alexandre Carrier is hit by Ondrej Palat and loses puck.
7:53 of 3rd period - Icing by Justin Braun.
7:54 of 3rd period - Mark Scheifele wins face-off versus Travis Zajac in WINNIPEG BEAVERS zone.
8:47 of 3rd period - Shot by Joel Armia.
8:47 of 3rd period - Deflect By Brandon Tanev.
8:47 of 3rd period - Shot Misses the Net.
9:14 of 3rd period - Icing by Joel Armia.
9:15 of 3rd period - Jason Dickinson wins face-off versus Steven Fogarty in WINNIPEG BEAVERS zone.
9:22 of 3rd period - Rasmus Ristolainen is hit by Drake Batherson and loses puck.
9:47 of 3rd period - Shot by Steven Fogarty.
9:47 of 3rd period - Shot Misses the Net.
10:08 of 3rd period - David Krejci is hit by Connor Murphy and loses puck.
10:13 of 3rd period - Shot by Ondrej Palat.
10:13 of 3rd period - Deflect By David Krejci.
10:13 of 3rd period - Stopped by Connor Hellebuyck without a rebound.
10:14 of 3rd period - Jean-Gabriel Pageau wins face-off versus Travis Zajac in SAN DIEGO THUNDER zone.
10:30 of 3rd period - Icing by Justin Braun.
10:31 of 3rd period - Travis Zajac wins face-off versus Logan Couture in WINNIPEG BEAVERS zone.
10:50 of 3rd period - Off-side.
10:51 of 3rd period - Mark Scheifele wins face-off versus David Krejci in neutral zone.
10:54 of 3rd period - Shot by Marcus Foligno.
10:54 of 3rd period - Shot Misses the Net.
10:56 of 3rd period - Shot by Alexandre Carrier.
10:56 of 3rd period - Stopped by Linus Ullmark without a rebound.
10:57 of 3rd period - Mark Scheifele wins face-off versus Alexander Radulov in WINNIPEG BEAVERS zone.
11:00 of 3rd period - Shot by David Perron.
11:00 of 3rd period - Shot Misses the Net.
11:14 of 3rd period - Shot by David Krejci.
11:14 of 3rd period - Shot Misses the Net.
11:20 of 3rd period - Shot by Alexander Radulov.
11:20 of 3rd period - Shot Blocked by Derek Forbort.
11:24 of 3rd period - Shot by David Krejci.
11:24 of 3rd period - Shot Misses the Net.
11:26 of 3rd period - Shot by Carson Soucy.
11:26 of 3rd period - Shot Hit the Post.
11:28 of 3rd period - Shot by David Krejci.
11:28 of 3rd period - Shot Misses the Net.
11:29 of 3rd period - Minor Penalty to Derek Forbort for Hooking.
11:30 of 3rd period - Jean-Gabriel Pageau wins face-off versus Joe Pavelski in SAN DIEGO THUNDER zone.
11:51 of 3rd period - Shot by David Krejci.
11:51 of 3rd period - Shot Misses the Net.
13:50 of 3rd period - Shot by Jay Beagle.
13:50 of 3rd period - Stopped by Linus Ullmark without a rebound.
13:51 of 3rd period - Logan Couture wins face-off versus Jason Dickinson in WINNIPEG BEAVERS zone.
13:54 of 3rd period - Shot by Evander Kane.
13:54 of 3rd period - Shot Misses the Net.
14:00 of 3rd period - Shot by Jason Dickinson.
14:00 of 3rd period - Shot Misses the Net.
14:22 of 3rd period - Shot by Jason Dickinson.
14:22 of 3rd period - Stopped by Connor Hellebuyck without a rebound.
14:23 of 3rd period - Mark Scheifele wins face-off versus Brad Marchand in SAN DIEGO THUNDER zone.
14:30 of 3rd period - Shot by Mark Scheifele.
14:30 of 3rd period - Stopped by Linus Ullmark without a rebound.
14:31 of 3rd period - Mark Scheifele wins face-off versus David Krejci in WINNIPEG BEAVERS zone.
14:41 of 3rd period - Off-side.
14:42 of 3rd period - Travis Zajac wins face-off versus Jean-Gabriel Pageau in neutral zone.
16:16 of 3rd period - Minor Penalty to Ondrej Palat for Roughing.
16:17 of 3rd period - Sean Kuraly wins face-off versus David Perron in WINNIPEG BEAVERS zone.
16:43 of 3rd period - Shot by David Perron.
16:43 of 3rd period - Shot Misses the Net.
16:51 of 3rd period - Shot by Mark Scheifele.
16:51 of 3rd period - Shot Blocked by Justin Braun.
17:27 of 3rd period - Shot by Logan Couture.
17:27 of 3rd period - Deflect By Drake Batherson.
17:27 of 3rd period - Shot Misses the Net.
17:31 of 3rd period - Shot by Logan Couture.
17:31 of 3rd period - Stopped by Linus Ullmark without a rebound.
17:32 of 3rd period - Logan Couture wins face-off versus Travis Zajac in WINNIPEG BEAVERS zone.
18:00 of 3rd period - SAN DIEGO THUNDER, Connor Hellebuyck is pulled from the net.
18:11 of 3rd period - Shot by Charles McAvoy.
18:11 of 3rd period - Stopped by Linus Ullmark without a rebound.
18:12 of 3rd period - Mark Scheifele wins face-off versus Travis Zajac in WINNIPEG BEAVERS zone.
18:33 of 3rd period - Shot by David Perron.
18:33 of 3rd period - Shot Misses the Net.
19:19 of 3rd period - Joe Pavelski is hit by Erik Cernak.
19:55 of 3rd period - Shot by Joe Pavelski.
19:55 of 3rd period - Shot Misses the Net.
Goals for this period are 0 for SAN DIEGO THUNDER vs 0 for WINNIPEG BEAVERS.
Shots for this period are 6 for SAN DIEGO THUNDER vs 6 for WINNIPEG BEAVERS.


AUSTON
MATTHEWS
JOEL
ERIKSSON
MATHEW
BARZAL

EAST COAST

HOCKEY LEAGUE

  • 21.PIT7MAN3
  • 22.ATL3NHW4
  • 23.WOR5PET4
  • 24.3RHI4
  • 25.QUECHI
  • 26.CHALIM
  • 27.TRVLON
  • 28.CHWBAL